 Dungeon Crawl Stone Soup version bcrawl-1.13.2 (webtiles) character file.

Game seed: 1021952496870749860

234 Felnil the Skirmisher (level 5, -3/37 HPs)
             Began as a Skeleton Fighter on Aug 12, 2019.
             Slain by a river rat (6 damage)
             ... summoned by Eustachio
             ... on level 4 of the Dungeon.
             The game lasted 00:06:32 (3544 turns).

Felnil the Skirmisher (Skeleton Fighter)            Turns: 3544, Time: 00:06:33

Health: -3/37      AC:  6    Str: 23      XL:     5   Next: 75%
Magic:  0/5        EV:  8    Int:  7      God:
Gold:   52         SH:  9    Dex:  7 (8)  Spells: 4/4 levels left

rFire    . . .     SeeInvis .   a - +0 war axe
rCold    + . .     Gourm    .   c - +0 shield
rNeg     + + +     Faith    .   b - +0 scale mail
rPois    ∞         Spirit   +   (no helmet)
rElec    .         Reflect  .   (no cloak)
rCorr    .         Harm     .   (no gloves)
MR       .....                  (no boots)
Stlth    ..........             (no amulet)
HPRegen  0.12/turn              (no ring)
MPRegen  0.09/turn              (no ring)

@: no status effects
A: no food or potions, cold resistance 1, deterioration 1, negative energy
resistance 3, torment resistance, unbreathing, magic shield, sturdy frame 1,
spell healing
a: no special abilities


You were on level 4 of the Dungeon.
You were not hungry.

You visited 1 branch of the dungeon, and saw 4 of its levels.

You collected 52 gold pieces.

Inventory:

Hand Weapons
 a - a +0 war axe (weapon)
Missiles
 e - 95 javelins (quivered)
Armour
 b - a +0 scale mail (worn)
 c - a +0 shield (worn)
Scrolls
 d - 2 scrolls of teleportation {unknown}
 f - a scroll of enchant armour {unknown}
 g - a scroll of blinking {unknown}
 h - 2 scrolls of remove curse {unknown}
 i - a scroll of enchant weapon {unknown}


   Skills:
 + Level 6.5 Fighting
 - Level 2.4 Axes
 - Level 3.2 Armour
 - Level 3.6 Shields


You had 4 spell levels left.
You didn't know any spells.
Your spell library was empty.

Dungeon Overview and Level Annotations

Branches:
Dungeon (4/12)
 Temple: D:4-7

Altars:
Dithmenos
Trog
Wu Jian

Annotations:
D:4 Eustachio


Innate Abilities, Weirdness & Mutations

You do not eat or drink.
You are immune to poison.
Your flesh is cold resistant. (rC+)
Your body sometimes deteriorates upon taking damage.
You are immune to negative energy. (rN+++)
You are immune to unholy pain and torment.
You can survive without breathing.
When hurt, damage is shared between your health and your magic reserves.
Your movements are slightly less encumbered by armour. (ER -2)
Casting spells heals you.


Message History

Your shield prevents you from hitting the river rat.
The river rat bites you!
Your body deteriorates!
You feel clumsy.
The white imp lashes its tail.
You block the river rat's attack. Eustachio barely misses you.
The river rat bites you.
You hit the river rat.
The river rat is almost dead.
You barely miss the river rat. You slash Eustachio! The river rat bites you.
* * * LOW HITPOINT WARNING * * *
Eustachio mumbles some strange words.
The river rat bites you but does no damage.
You closely miss Eustachio.
Eustachio is almost dead.
You closely miss the river rat. You barely miss the river rat.
You block the river rat's attack.
Eustachio hits you with a cursed -2 falchion.
* * * LOW HITPOINT WARNING * * *
You block the river rat's attack. The river rat bites you.
You die...

#### ###....
#####5..#
#####..r@5#####..
.......@r55......
##############.##


You could see Eustachio, an iron imp, a quasit, 2 river rats and 2 white imps.

Vanquished Creatures
  The ghost of cirnu the Covert, an amateur OpRg (D:3)
  A crimson imp (D:3)
  3 adders (D:3)
  5 worms
  3 dart slugs
  7 leopard geckos
  6 orcs (D:3)
  6 giant cockroaches
  4 goblins
  6 hobgoblins
  4 jackals
  9 bats
  A frilled lizard (D:2)
  7 kobolds
  6 rats
69 creatures vanquished.

Notes
Turn   | Place    | Note
-------+----------+-------------------------------------------
     0 | D:1      | Felnil the Skeleton Fighter began the quest for the Orb.
     0 | D:1      | Reached XP level 1. HP: 14/14 MP: 1/1
   227 | D:1      | Reached XP level 2. HP: 19/19 MP: 2/2
   716 | D:1      | Reached skill level 4 in Fighting
   896 | D:1      | Reached XP level 3. HP: 21/24 MP: 3/3
  1178 | D:2      | Found a shadowy altar of Dithmenos.
  1592 | D:2      | Found a bloodstained altar of Trog.
  1818 | D:3      | Reached XP level 4. HP: 30/30 MP: 4/4
  1837 | D:3      | Reached skill level 5 in Fighting
  2062 | D:3      | Found an ornate altar of the Wu Jian Council.
  2930 | D:3      | Found a large runed translucent door.
  2931 | D:3      | Found a large runed translucent door.
  2953 | D:3      | Noticed cirnu's ghost (amateur OpRg)
  3152 | D:3      | Killed cirnu's ghost
  3152 | D:3      | Reached skill level 6 in Fighting
  3152 | D:3      | Reached XP level 5. HP: 16/36 MP: 1/5
  3327 | D:4      | Noticed Eustachio
  3544 | D:4      | Slain by a river rat

Skill      XL: |  1  2  3  4 |
---------------+-------------+-----
Fighting       | 4 6 |  6.5
Axes           | |  2.4
Armour         | |  3.2
Shields        | |  3.6

Action                   |  1- 3 |  4- 6 || total
-------------------------+-------+-------++-------
Melee: War axe           |   131 |   188 ||   319
Armor: Scale mail        |    52 |    66 ||   118
Dodge: Dodged            |    53 |    64 ||   117
Block: Shield            |    68 |    92 ||   160
